AoeStats
← HappyTree

Nomad

503495542Analyzed
3v3 RM · 1mo ago on Aug 31, 2026· 33m 39s· 6 players
Game mode
Random Map
Map size
210×210
Population
200
Speed
Normal
Resources
Standard
Victory
Conquest
Starting age
Dark Age
Ending age
Imperial Age
RankedLock teamsTeams togetherTeam positionsShared explorationLock speedFull tech treeHidden civsTurbo modeCheats
Victory
Defeat
🇨🇴 Celts · Colombia
970
+16
🇹🇼 Britons · Taiwan
952
+17
🇨🇳 Spanish · China
924
+18
🇲🇽 Britons · Mexico
995
-18
🇷🇺 Malay · Russia
965
-17
🇳🇴 Vietnamese · Norway
940
-16
aliø
4:14 Loom
13:59 Feudal Age
14:33 Town Watch
15:24 Wheelbarrow
16:49 Fletching
30:03 Castle Age
29:21 Double-Bit Axe
30:13 Horse Collar
31:16 Hand Cart
33:26 Squires
33:11 Arson
prehenderat spirandi
14:28 Feudal Age
13:49 Man-at-Arms
17:26 Horse Collar
20:43 Forging
24:38 Double-Bit Axe
26:09 Stone Mining
26:12 Gold Mining
28:29 Castle Age
28:07 Fletching
HappyTree
11:49 Loom
16:33 Feudal Age
17:25 Horse Collar
18:55 Town Watch
21:06 Man-at-Arms
28:20 Castle Age
30:58 Elite Skirmisher
笑出自信
14:49 Feudal Age
16:19 Horse Collar
21:03 Castle Age
20:23 Stone Mining
20:27 Gold Mining
22:48 Wheelbarrow
29:51 Hand Cart
29:45 Double-Bit Axe
32:35 Ballistics
gomelucho1980
5:26 Loom
16:51 Feudal Age
17:40 Fishing Lines
21:45 Double-Bit Axe
25:10 Castle Age
23:59 Gold Mining
24:19 Stone Mining
27:38 Bow Saw
27:59 Gillnets
承
5:25 Loom
15:49 Feudal Age
16:38 Double-Bit Axe
16:41 Horse Collar
Connection lost

Rejoining the realm…

Still unreachable

The connection could not be restored.

Session expired

The server has moved on; the page needs a fresh start.